Mustangs vs Mulligans (R1)

Created - March 28, 2021 at 20:07

Goals
1 2 3 OT1 SO T
Mustangs 4 1 1 0 2 7
Mulligans 1 3 2 0 0 6
Shots
1 2 3 OT1 SO T
Mustangs 14 10 9 1 3 34
Mulligans 15 16 9 2 2 42

1st period

1. Mustangs , Josh Jooris 28 (Will Butcher 64, Iven Barbashev 16) at 1:00 (PP)
2. Mustangs , Josh Jooris 29 (Will Butcher 65, Chrstian Dvorak 8) at 4:40 (PP)
3. Mustangs , Chrstian Dvorak 15 (Josh Jooris 30, Kurt Sauer 8) at 6:12 (PP)
4. Mulligans , Sam Bennett 19 (Maxime Macenauer 26, Anton Lander 54) at 6:58
5. Mustangs , Will Butcher 12 (Josh Jooris 31, Iven Barbashev 17) at 8:14 (PP)

Penalties :
Maxime Macenauer (Rep) for Slashing (Minor) at 0:57, Maxime Macenauer (Rep) for Holding (Minor) at 3:36, Juuse Saros (Rep) for Slashing (Minor) at 4:54 - Sam Bennett served the penalty, Logan Shaw (Rep) for Hooking (Minor) at 8:03, Craig Smith (Ham) for Roughing (Minor) at 18:30

2nd period

6. Mulligans , Sven Baertschi 24 (Anton Lander 55, Ben Hutton 37) at 0:12 (PP)
7. Mulligans , Logan Shaw 30 (Sven Baertschi 27, Anton Lander 56) at 4:15
8. Mustangs , Scott Mayfield 11 (Will Butcher 66) at 14:31
9. Mulligans , Logan Shaw 31 (Sven Baertschi 28, Anton Lander 57) at 19:53 (PP)

Penalties :
Robbie Russo (Rep) for Tripping (Minor) at 7:37, Denis Malgin (Ham) for Holding (Minor) at 19:49

3rd period

10. Mulligans , Anton Lander 29 (Logan Shaw 40) at 1:36 (SH)
11. Mulligans , Sven Baertschi 25 (Logan Shaw 41, Anton Lander 58) at 9:18
12. Mustangs , Nick Schmaltz 26 (Will Butcher 67, Jordan Schmaltz 24) at 19:28

Penalties :
Sven Baertschi (Rep) for Boarding (Minor) at 1:20, Josh Jooris (Ham) for Holding Stick (Minor) at 5:04, Sam Bennett (Rep) for Interference (Minor) at 16:51

Overtime #1

No Goal

Penalties :
No Penalty

Shootout

Mustangs, Craig Smith - Goal!
Mulligans, Anton Lander - Stopped by Connor Hellebyuk
Mustangs, Josh Jooris - Stopped by Calvin Pickard
Mulligans, Logan Shaw - Stopped by Connor Hellebyuk
Mustangs, Andy Andreoff - Goal!

Penalties :
No Penalty

Goalie Stats

Connor Hellebyuk (Ham), 36 saves from 42 shots - (0.857), W, 19-21-4, 64:36 minutes
Calvin Pickard (Rep), 21 saves from 23 shots - (0.913), OTL, 18-25-4, 56:46 minutes
Juuse Saros (Rep), 7 saves from 11 shots - (0.636), 8:14 minutes

Players Stats for Mustangs

Player Name              G  A  P  +/- PIM S  H  SB GA TA FO     MP     PP MP  PK MP  
------------------------------------------------------------------------------------
Andrew O'Brien           0  0  0   0  0   0  1  0  0  0  0/0    15:52   1:13   1:21 
Andy Andreoff            0  0  0   0  0   0  4  1  0  1  0/0    21:27   3:42   1:17 
Anthony Beauvillier      0  0  0   1  0   2  2  0  0  0  0/1    12:47   0:37   0:40 
Antti Suomela            0  0  0   0  0   1  1  0  1  0  3/6    15:35   3:42   1:20 
Chrstian Dvorak          1  1  2  -4  0   2  2  0  0  2  0/4    20:50   4:35   1:47 
Craig Smith              0  0  0  -3  2   1  2  0  0  0  2/4    19:25   3:21   1:02 
Curtis Hamilton          0  0  0   1  0   1  0  0  1  0  0/0     9:33   0:00   0:06 
Dakota Mermis            0  0  0   0  0   0  0  0  1  0  0/0    13:10   0:00   0:00 
Denis Malgin             0  0  0   1  2   0  2  0  0  0  3/4     8:54   0:00   0:00 
Iven Barbashev           0  2  2  -4  0   0  2  0  0  0  6/20   17:35   4:35   0:00 
Jordan Schmaltz          0  1  1  -1  0   2  0  0  0  2  0/0    25:02   5:12   2:24 
Josh Jooris              2  2  4  -1  2   8  5  0  3  0  0/0    23:49   4:51   1:18 
Kurt Sauer               0  1  1  -1  0   1  1  0  0  1  0/0    22:43   3:21   2:24 
Max Gortz                0  0  0   2  0   1  0  1  1  0  0/0     9:32   0:00   0:00 
Melker Karlsson          0  0  0   0  0   2  1  0  0  1  9/21   14:52   0:00   0:00 
Nick Schmaltz            1  0  1   1  0   3  3  0  1  1  0/0    11:53   0:16   0:00 
Scott Mayfield           1  0  1  -1  0   3  1  2  0  2  0/0    26:38   3:19   1:21 
Will Butcher             1  4  5  -1  0   7  1  2  0  4  0/0    26:35   4:01   0:00 

Players Stats for Mulligans

Player Name              G  A  P  +/- PIM S  H  SB GA TA FO     MP     PP MP  PK MP  
------------------------------------------------------------------------------------
Anton Lander             1  5  6   3  0   3  2  0  3  1  23/40  25:30   2:09   3:51 
Ben Hutton               0  1  1   2  0   3  2  4  2  1  0/0    30:32   2:01   4:21 
Brandon Carlo            0  0  0   2  0   0  2  0  0  1  0/0    27:54   2:01   4:21 
Brett Seney              0  0  0   0  0   1  0  0  0  0  0/0     7:29   0:00   0:54 
Christian Wolanin        0  0  0   0  0   0  1  0  0  0  0/0     3:46   0:00   0:16 
Conor Garland            0  0  0   0  0   0  1  0  0  1  0/0     6:35   0:00   0:00 
Dalton Thrower           0  0  0  -1  0   2  2  1  1  0  0/0    22:50   1:44   3:56 
Darren Dietz             0  0  0  -1  0   1  0  2  1  0  0/0    22:50   1:44   3:56 
Ilya Lyubushkin          0  0  0   1  0   0  1  0  0  0  0/0    10:58   0:00   0:00 
Jonny Brodzinski         0  0  0   0  0   1  0  0  0  0  1/1     7:06   0:00   0:31 
Joonas Donskoi           0  0  0   1  0   4  1  0  1  0  1/1    13:27   1:36   0:00 
Logan Shaw               2  2  4   3  2   11 1  0  2  0  1/1    25:12   2:09   3:40 
Maxime Macenauer         0  1  1   1  4   1  1  1  0  0  8/9    17:06   1:36   2:48 
Reid Boucher             0  0  0  -1  0   1  0  0  0  0  1/2    15:05   0:00   3:07 
Robbie Russo             0  0  0   1  2   1  0  1  0  2  0/0    11:15   0:00   0:16 
Robby Fabbri             0  0  0  -2  0   3  2  0  1  0  0/3    13:44   0:00   0:00 
Sam Bennett              1  0  1   1  2   2  1  0  0  0  0/0    13:45   1:36   0:15 
Sven Baertschi           2  2  4   1  2   8  2  0  3  1  1/2    23:38   2:09   2:00 
Valeri Nichushkin        0  0  0  -2  0   0  1  0  0  1  1/1    12:39   0:00   0:00 

3 Stars

1 - Anton Lander (Rep)
2 - Logan Shaw (Rep)
3 - Josh Jooris (Ham)

Power Play

Mustangs - 4 on 7 Attempt(s) - 57.14%
Mulligans - 2 on 3 Attempt(s) - 66.67%

Penalty Kill

Mustangs - 1 on 3 Attempt(s) - 33.33% - Score 0 goal in Penalty Kill
Mulligans - 3 on 7 Attempt(s) - 42.86% - Score 1 goal in Penalty Kill

Team Stat

Mustangs - Hits : 28 - Faceoff Wins : 23 - Blocked Shots : 6 - Penalty Minutes : 6
Mulligans - Hits : 20 - Faceoff Wins : 37 - Blocked Shots : 9 - Penalty Minutes : 14

Official

Referees : Unknown
Linesman : Unknown

Game Notes

1:00 of 1st period - Mustangs goal is going for a video replay. After video review, Goal.
Calvin Pickard enters game at 8:14 of 1st period

Finance

Level 1 -- Attendance: 2000 (100.00%) -- Ticket Income $40,000
Level 2 -- Attendance: 936 (93.60%) -- Ticket Income $9,360
Total Attendance: 2936 (97.87%)
Total Ticket Income: $49,360
Other Income: $2,468
Total Income: $51,828

Mustangs

5 vs 5 Forward 
   Center                   Left Wing                Right Wing               Time % Phy DF OF 
 1 Melker Karlsson          Andy Andreoff            Josh Jooris              40     1   2  2  
 2 Iven Barbashev           Chrstian Dvorak          Craig Smith              30     1   2  2  
 3 Antti Suomela            Anthony Beauvillier      Nick Schmaltz            20     1   2  2  
 4 Denis Malgin             Curtis Hamilton          Max Gortz                10     1   2  2  

5 vs 5 Defense 
   Defense                  Defense                                           Time % Phy DF OF 
 1 Will Butcher             Scott Mayfield                                    40     1   2  2  
 2 Kurt Sauer               Jordan Schmaltz                                   30     1   2  2  
 3 Andrew O'Brien           Dakota Mermis                                     20     1   2  2  
 4 Will Butcher             Scott Mayfield                                    10     1   2  2  

PowerPlay Forward 
   Center                   Left Wing                Right Wing               Time % Phy DF OF 
 1 Iven Barbashev           Chrstian Dvorak          Josh Jooris              60     1   2  2  
 2 Antti Suomela            Andy Andreoff            Craig Smith              40     1   2  2  

PowerPlay Defense
   Defense                  Defense                                           Time % Phy DF OF 
 1 Will Butcher             Jordan Schmaltz                                   60     1   2  2  
 2 Kurt Sauer               Scott Mayfield                                    40     1   2  2  

Penalty Kill 4 Players Forward 
   Center                   Wing                     Time % Phy DF OF 
 1 Craig Smith              Josh Jooris              60     1   2  2  
 2 Andy Andreoff            Chrstian Dvorak          40     1   2  2  

Penalty Kill 4 Players Defense
   Defense                  Defense                  Time % Phy DF OF 
 1 Kurt Sauer               Jordan Schmaltz          60     1   2  2  
 2 Scott Mayfield           Andrew O'Brien           40     1   2  2  

Penalty Kill - 3 Players Forward 
   Forward                                           Time % Phy DF OF 
 1 Craig Smith                                       60     1   2  2  
 2 Josh Jooris                                       40     1   2  2  

Penalty Kill - 3 Players Defense
   Defense                  Defense                  Time % Phy DF OF 
 1 Kurt Sauer               Jordan Schmaltz          60     1   2  2  
 2 Scott Mayfield           Andrew O'Brien           40     1   2  2  

4 vs 4 Forward 
   Center                   Wing                     Time % Phy DF OF 
 1 Craig Smith              Josh Jooris              60     1   2  2  
 2 Andy Andreoff            Chrstian Dvorak          40     1   2  2  

4 vs 4 Defense
   Defense                  Defense                  Time % Phy DF OF 
 1 Will Butcher             Scott Mayfield           60     1   2  2  
 2 Kurt Sauer               Jordan Schmaltz          40     1   2  2  

Last Minutes Offensive
   Center                   Left Wing                Right Wing               Defense                  Defense                  
   Iven Barbashev           Andy Andreoff            Craig Smith              Will Butcher             Jordan Schmaltz          

Last Minutes Defensive
   Center                   Left Wing                Right Wing               Defense                  Defense                  
   Iven Barbashev           Andy Andreoff            Craig Smith              Kurt Sauer               Jordan Schmaltz          

Goaltenders
Starting : Connor Hellebyuk         
Backup : Anthony Stolarz          

Extra Forwards
Normal : Anthony Beauvillier, Nick Schmaltz, Chrstian Dvorak - PP : Anthony Beauvillier, Nick Schmaltz - PK : Chrstian Dvorak
Extra Defensemen
Normal : Andrew O'Brien, Dakota Mermis, Scott Mayfield - PP : Andrew O'Brien - PK : Dakota Mermis, Scott Mayfield
Penalty Shots
Craig Smith, Josh Jooris, Andy Andreoff, Chrstian Dvorak, Nick Schmaltz

Scratches
Matthew Finn (Healthy), Danny Biega (Healthy), Raphael Bussieres (Healthy), Sam Kurker (Healthy), Josh Ho-Sang (Healthy)
Brett Pollock (Healthy), Steven Spinner (Healthy), Jason Missiaen (Healthy)

Mulligans

5 vs 5 Forward 
   Center                   Left Wing                Right Wing               Time % Phy DF OF 
 1 Anton Lander             Sven Baertschi           Logan Shaw               40     0   2  3  
 2 Maxime Macenauer         Sam Bennett              Joonas Donskoi           30     0   2  3  
 3 Robby Fabbri             Reid Boucher             Valeri Nichushkin        22     0   2  3  
 4 Jonny Brodzinski         Brett Seney              Conor Garland            8      0   2  3  

5 vs 5 Defense 
   Defense                  Defense                                           Time % Phy DF OF 
 1 Ben Hutton               Brandon Carlo                                     40     0   3  2  
 2 Darren Dietz             Dalton Thrower                                    30     0   3  2  
 3 Ilya Lyubushkin          Robbie Russo                                      20     0   3  2  
 4 Christian Wolanin        Ben Hutton                                        10     0   3  2  

PowerPlay Forward 
   Center                   Left Wing                Right Wing               Time % Phy DF OF 
 1 Anton Lander             Sven Baertschi           Logan Shaw               60     0   1  4  
 2 Maxime Macenauer         Sam Bennett              Joonas Donskoi           40     0   1  4  

PowerPlay Defense
   Defense                  Defense                                           Time % Phy DF OF 
 1 Ben Hutton               Brandon Carlo                                     60     0   2  3  
 2 Darren Dietz             Dalton Thrower                                    40     0   2  3  

Penalty Kill 4 Players Forward 
   Center                   Wing                     Time % Phy DF OF 
 1 Anton Lander             Logan Shaw               60     1   3  1  
 2 Maxime Macenauer         Sven Baertschi           40     1   3  1  

Penalty Kill 4 Players Defense
   Defense                  Defense                  Time % Phy DF OF 
 1 Ben Hutton               Brandon Carlo            60     1   4  0  
 2 Darren Dietz             Dalton Thrower           40     1   4  0  

Penalty Kill - 3 Players Forward 
   Forward                                           Time % Phy DF OF 
 1 Anton Lander                                      60     1   3  1  
 2 Logan Shaw                                        40     1   3  1  

Penalty Kill - 3 Players Defense
   Defense                  Defense                  Time % Phy DF OF 
 1 Ben Hutton               Brandon Carlo            60     1   4  0  
 2 Darren Dietz             Dalton Thrower           40     1   4  0  

4 vs 4 Forward 
   Center                   Wing                     Time % Phy DF OF 
 1 Anton Lander             Logan Shaw               60     0   2  3  
 2 Maxime Macenauer         Sven Baertschi           40     0   2  3  

4 vs 4 Defense
   Defense                  Defense                  Time % Phy DF OF 
 1 Ben Hutton               Brandon Carlo            60     0   3  2  
 2 Darren Dietz             Dalton Thrower           40     0   3  2  

Last Minutes Offensive
   Center                   Left Wing                Right Wing               Defense                  Defense                  
   Anton Lander             Sven Baertschi           Logan Shaw               Ben Hutton               Brandon Carlo            

Last Minutes Defensive
   Center                   Left Wing                Right Wing               Defense                  Defense                  
   Anton Lander             Sven Baertschi           Logan Shaw               Ben Hutton               Brandon Carlo            

Goaltenders
Starting : Juuse Saros              
Backup : Calvin Pickard           

Extra Forwards
Normal : Robby Fabbri, Valeri Nichushkin, Reid Boucher - PP : Robby Fabbri, Valeri Nichushkin - PK : Reid Boucher
Extra Defensemen
Normal : Ilya Lyubushkin, Robbie Russo, Christian Wolanin - PP : Ilya Lyubushkin - PK : Robbie Russo, Christian Wolanin
Penalty Shots
Anton Lander, Logan Shaw, Maxime Macenauer, Sven Baertschi, Joonas Donskoi

Scratches
Alexander Dergachyov (Healthy), Cristiano Digiacinto (Healthy)

% Time on Ice - Mustangs

Lines # - Real PCT - Wanted PCT - Time Play
Normal Forward
1 - 34% - 40% - 15:54
2 - 28% - 30% - 13:03
3 - 20% - 20% - 9:13
4 - 19% - 10% - 8:55
Normal Defense
1 - 39% - 40% - 18:19
2 - 30% - 30% - 13:57
3 - 26% - 20% - 12:05
4 - 6% - 10% - 2:44
PP Forward
1 - 57% - 60% - 4:51
2 - 43% - 40% - 3:42
PP Defense
1 - 61% - 60% - 5:12
2 - 39% - 40% - 3:21
PK Forward
1 - 100% - 60% - 3:45
2 - 0% - 40% - 0:00
PK Defense
1 - 64% - 60% - 2:24
2 - 36% - 40% - 1:21
PK3 Forward
1 - 0% - 60%
2 - 0% - 40%
PK3 Defense
1 - 0% - 60%
2 - 0% - 40%
44 Forward
1 - 82% - 60% - 4:05
2 - 18% - 40% - 0:55
44 Defense
1 - 63% - 60% - 3:08
2 - 37% - 40% - 1:52
Last Minute Offensive  - 0:37
Last Minute Defensive  - 0:00
Total
Forward - 65:00
Defense - 65:00

% Time on Ice - Mulligans

Lines # - Real PCT - Wanted PCT - Time Play
Normal Forward
1 - 37% - 40% - 17:36
2 - 26% - 30% - 12:15
3 - 23% - 22% - 10:42
4 - 14% - 8% - 6:35
Normal Defense
1 - 40% - 40% - 18:45
2 - 32% - 30% - 15:00
3 - 21% - 20% - 9:57
4 - 7% - 10% - 3:26
PP Forward
1 - 57% - 60% - 2:09
2 - 43% - 40% - 1:36
PP Defense
1 - 54% - 60% - 2:01
2 - 46% - 40% - 1:44
PK Forward
1 - 72% - 60% - 6:11
2 - 28% - 40% - 2:22
PK Defense
1 - 54% - 60% - 4:37
2 - 46% - 40% - 3:56
PK3 Forward
1 - 0% - 60%
2 - 0% - 40%
PK3 Defense
1 - 0% - 60%
2 - 0% - 40%
44 Forward
1 - 80% - 60% - 4:01
2 - 20% - 40% - 0:59
44 Defense
1 - 57% - 60% - 2:50
2 - 43% - 40% - 2:10
Last Minute Offensive  - 0:00
Last Minute Defensive  - 0:34
Total
Forward - 65:00
Defense - 65:00

Play-by-Play

1st period


0:01 of 1st period - Melker Karlsson wins face-off versus Anton Lander in neutral zone.
0:09 of 1st period - Wrist shot by Sven Baertschi.
0:09 of 1st period - Stopped by Connor Hellebyuk with a rebound.
0:31 of 1st period - Off-side.
0:32 of 1st period - Maxime Macenauer wins face-off versus Antti Suomela in neutral zone.
0:41 of 1st period - Darren Dietz is hit by Antti Suomela and loses puck.
0:57 of 1st period - Minor Penalty to Maxime Macenauer for Slashing.
0:58 of 1st period - Iven Barbashev wins face-off versus Anton Lander in Mulligans zone.
0:58 of 1st period - Slapshot by Will Butcher.
0:58 of 1st period - Stopped by Juuse Saros with a rebound.
1:00 of 1st period - Slapshot by Josh Jooris.
1:00 of 1st period - Mustangs goal is going for a video replay.
1:00 of 1st period - The goal is good.
1:00 of 1st period - Goal by Josh Jooris - Mustangs : 1 - Mulligans : 0.
1:01 of 1st period - Valeri Nichushkin wins face-off versus Chrstian Dvorak in neutral zone.
1:26 of 1st period - Andy Andreoff is hit by Ilya Lyubushkin and loses puck.
1:49 of 1st period - Logan Shaw is hit by Denis Malgin and loses puck.
1:57 of 1st period - Off-side.
1:58 of 1st period - Iven Barbashev wins face-off versus Maxime Macenauer in neutral zone.
2:30 of 1st period - Wrist shot by Josh Jooris.
2:30 of 1st period - Stopped by Juuse Saros with a rebound.
2:37 of 1st period - Icing by Will Butcher.
2:38 of 1st period - Denis Malgin wins face-off versus Robby Fabbri in Mustangs zone.
2:47 of 1st period - Backhand shot by Max Gortz.
2:47 of 1st period - Stopped by Juuse Saros without a rebound.
2:48 of 1st period - Iven Barbashev wins face-off versus Reid Boucher in Mulligans zone.
3:13 of 1st period - Snap shot by Logan Shaw.
3:13 of 1st period - Shot Blocked by Scott Mayfield.
3:36 of 1st period - Minor Penalty to Maxime Macenauer for Holding.
3:37 of 1st period - Iven Barbashev wins face-off versus Anton Lander in Mulligans zone.
3:45 of 1st period - Wrist shot by Josh Jooris.
3:45 of 1st period - Stopped by Juuse Saros without a rebound.
3:46 of 1st period - Anton Lander wins face-off versus Iven Barbashev in Mulligans zone.
3:53 of 1st period - Snap shot by Logan Shaw.
3:53 of 1st period - Stopped by Connor Hellebyuk with a rebound.
4:22 of 1st period - Slapshot by Will Butcher.
4:22 of 1st period - Stopped by Juuse Saros with a rebound.
4:24 of 1st period - Wrist shot by Josh Jooris.
4:24 of 1st period - Shot Misses the Net.
4:38 of 1st period - Snap shot by Josh Jooris.
4:38 of 1st period - Shot Blocked by Ben Hutton.
4:40 of 1st period - Slapshot by Josh Jooris.
4:40 of 1st period - Goal by Josh Jooris - Mustangs : 2 - Mulligans : 0.
4:41 of 1st period - Maxime Macenauer wins face-off versus Antti Suomela in neutral zone.
4:54 of 1st period - Snap shot by Anthony Beauvillier.
4:54 of 1st period - Stopped by Juuse Saros without a rebound.
4:54 of 1st period - Minor Penalty to Juuse Saros for Slashing.
4:55 of 1st period - Antti Suomela wins face-off versus Anton Lander in Mulligans zone.
5:32 of 1st period - Slapshot by Kurt Sauer.
5:32 of 1st period - Shot Blocked by Darren Dietz.
5:34 of 1st period - Wrist shot by Andy Andreoff.
5:34 of 1st period - Shot Misses the Net.
6:12 of 1st period - Snap shot by Chrstian Dvorak.
6:12 of 1st period - Goal by Chrstian Dvorak - Mustangs : 3 - Mulligans : 0.
6:13 of 1st period - Denis Malgin wins face-off versus Anton Lander in neutral zone.
6:44 of 1st period - Slapshot by Melker Karlsson.
6:44 of 1st period - Shot Misses the Net.
6:54 of 1st period - Slapshot by Maxime Macenauer.
6:54 of 1st period - Stopped by Connor Hellebyuk with a rebound.
6:56 of 1st period - Slapshot by Maxime Macenauer.
6:56 of 1st period - Shot Misses the Net.
6:58 of 1st period - Slapshot by Sam Bennett.
6:58 of 1st period - Goal by Sam Bennett - Mustangs : 3 - Mulligans : 1.
6:59 of 1st period - Maxime Macenauer wins face-off versus Melker Karlsson in neutral zone.
7:24 of 1st period - Kurt Sauer is hit by Dalton Thrower and loses puck.
7:37 of 1st period - Snap shot by Reid Boucher.
7:37 of 1st period - Stopped by Connor Hellebyuk with a rebound.
7:45 of 1st period - Wrist shot by Josh Jooris.
7:45 of 1st period - Stopped by Juuse Saros without a rebound.
7:46 of 1st period - Anton Lander wins face-off versus Iven Barbashev in Mulligans zone.
7:46 of 1st period - Anton Lander is hit by Craig Smith.
8:03 of 1st period - Minor Penalty to Logan Shaw for Hooking.
8:04 of 1st period - Iven Barbashev wins face-off versus Anton Lander in Mulligans zone.
8:10 of 1st period - Slapshot by Will Butcher.
8:10 of 1st period - Shot Blocked by Ben Hutton.
8:12 of 1st period - Wrist shot by Will Butcher.
8:12 of 1st period - Shot Misses the Net.
8:14 of 1st period - Slapshot by Will Butcher.
8:14 of 1st period - Goal by Will Butcher - Mustangs : 4 - Mulligans : 1.
8:14 of 1st period - Calvin Pickard enters game.
8:15 of 1st period - Maxime Macenauer wins face-off versus Iven Barbashev in neutral zone.
8:24 of 1st period - Wrist shot by Maxime Macenauer.
8:24 of 1st period - Shot Misses the Net.
8:26 of 1st period - Slapshot by Brandon Carlo.
8:26 of 1st period - Shot Misses the Net.
8:28 of 1st period - Slapshot by Ben Hutton.
8:28 of 1st period - Shot Blocked by Scott Mayfield.
8:30 of 1st period - Slapshot by Brandon Carlo.
8:30 of 1st period - Shot Blocked by Will Butcher.
9:28 of 1st period - Wrist shot by Jonny Brodzinski.
9:28 of 1st period - Stopped by Connor Hellebyuk with a rebound.
10:25 of 1st period - Slapshot by Ben Hutton.
10:25 of 1st period - Shot Misses the Net.
10:47 of 1st period - Andrew O'Brien is hit by Brandon Carlo and loses puck.
10:56 of 1st period - Wrist shot by Brett Seney.
10:56 of 1st period - Stopped by Connor Hellebyuk without a rebound.
10:57 of 1st period - Logan Shaw wins face-off versus Melker Karlsson in Mustangs zone.
11:04 of 1st period - Snap shot by Sven Baertschi.
11:04 of 1st period - Stopped by Connor Hellebyuk without a rebound.
11:05 of 1st period - Melker Karlsson wins face-off versus Anton Lander in Mustangs zone.
11:16 of 1st period - Snap shot by Anton Lander.
11:16 of 1st period - Shot Misses the Net.
11:59 of 1st period - Icing by Nick Schmaltz.
12:00 of 1st period - Antti Suomela wins face-off versus Anton Lander in Mustangs zone.
12:00 of 1st period - Antti Suomela is hit by Sven Baertschi.
12:16 of 1st period - Anthony Beauvillier is hit by Anton Lander and loses puck.
13:56 of 1st period - Slapshot by Melker Karlsson.
13:56 of 1st period - Shot Misses the Net.
14:18 of 1st period - Ilya Lyubushkin is hit by Craig Smith and loses puck.
14:23 of 1st period - Wrist shot by Craig Smith.
14:23 of 1st period - Stopped by Calvin Pickard with a rebound.
15:15 of 1st period - Slapshot by Logan Shaw.
15:15 of 1st period - Stopped by Connor Hellebyuk without a rebound.
15:16 of 1st period - Maxime Macenauer wins face-off versus Iven Barbashev in Mustangs zone.
15:23 of 1st period - Wrist shot by Sam Bennett.
15:23 of 1st period - Deflect By Joonas Donskoi.
15:23 of 1st period - Stopped by Connor Hellebyuk without a rebound.
15:24 of 1st period - Joonas Donskoi wins face-off versus Craig Smith in Mustangs zone.
15:27 of 1st period - Snap shot by Sam Bennett.
15:27 of 1st period - Stopped by Connor Hellebyuk without a rebound.
15:28 of 1st period - Melker Karlsson wins face-off versus Sven Baertschi in Mustangs zone.
16:19 of 1st period - Backhand shot by Robby Fabbri.
16:19 of 1st period - Stopped by Connor Hellebyuk with a rebound.
16:21 of 1st period - Slapshot by Ben Hutton.
16:21 of 1st period - Stopped by Connor Hellebyuk without a rebound.
16:22 of 1st period - Anton Lander wins face-off versus Melker Karlsson in Mustangs zone.
16:44 of 1st period - Icing by Logan Shaw.
16:45 of 1st period - Maxime Macenauer wins face-off versus Iven Barbashev in Mulligans zone.
16:57 of 1st period - Slapshot by Joonas Donskoi.
16:57 of 1st period - Stopped by Connor Hellebyuk with a rebound.
16:59 of 1st period - Slapshot by Dalton Thrower.
16:59 of 1st period - Stopped by Connor Hellebyuk with a rebound.
17:01 of 1st period - Slapshot by Darren Dietz.
17:01 of 1st period - Shot Misses the Net.
17:44 of 1st period - Will Butcher is hit by Ben Hutton and loses puck.
17:57 of 1st period - Scott Mayfield is hit by Brandon Carlo and loses puck.
18:30 of 1st period - Minor Penalty to Craig Smith for Roughing.
18:31 of 1st period - Anton Lander wins face-off versus Chrstian Dvorak in Mustangs zone.
18:40 of 1st period - Snap shot by Jordan Schmaltz.
18:40 of 1st period - Stopped by Calvin Pickard with a rebound.
18:42 of 1st period - Slapshot by Kurt Sauer.
18:42 of 1st period - Shot Blocked by Darren Dietz.
18:44 of 1st period - Slapshot by Jordan Schmaltz.
18:44 of 1st period - Stopped by Calvin Pickard without a rebound.
18:45 of 1st period - Anton Lander wins face-off versus Chrstian Dvorak in Mulligans zone.
Goals for this period are 4 for Mustangs vs 1 for Mulligans.
Shots for this period are 14 for Mustangs vs 15 for Mulligans.

2nd period


0:01 of 2nd period - Anton Lander wins face-off versus Chrstian Dvorak in neutral zone.
0:10 of 2nd period - Snap shot by Anton Lander.
0:10 of 2nd period - Stopped by Connor Hellebyuk with a rebound.
0:12 of 2nd period - Backhand shot by Sven Baertschi.
0:12 of 2nd period - Goal by Sven Baertschi - Mustangs : 4 - Mulligans : 2.
0:13 of 2nd period - Melker Karlsson wins face-off versus Anton Lander in neutral zone.
0:16 of 2nd period - Sven Baertschi is hit by Josh Jooris.
0:39 of 2nd period - Scott Mayfield is hit by Ben Hutton and loses puck.
1:10 of 2nd period - Wrist shot by Antti Suomela.
1:10 of 2nd period - Shot Misses the Net.
1:12 of 2nd period - Slapshot by Andrew O'Brien.
1:12 of 2nd period - Shot Misses the Net.
1:26 of 2nd period - Snap shot by Robby Fabbri.
1:26 of 2nd period - Stopped by Connor Hellebyuk with a rebound.
1:28 of 2nd period - Slapshot by Robby Fabbri.
1:28 of 2nd period - Shot Misses the Net.
1:30 of 2nd period - Slapshot by Robbie Russo.
1:30 of 2nd period - Stopped by Connor Hellebyuk without a rebound.
1:31 of 2nd period - Sven Baertschi wins face-off versus Melker Karlsson in Mustangs zone.
2:05 of 2nd period - Wrist shot by Joonas Donskoi.
2:05 of 2nd period - Stopped by Connor Hellebyuk without a rebound.
2:06 of 2nd period - Maxime Macenauer wins face-off versus Iven Barbashev in Mustangs zone.
2:21 of 2nd period - Wrist shot by Iven Barbashev.
2:21 of 2nd period - Shot Blocked by Maxime Macenauer.
2:41 of 2nd period - Slapshot by Kurt Sauer.
2:41 of 2nd period - Deflect By Josh Jooris.
2:41 of 2nd period - Stopped by Calvin Pickard without a rebound.
2:42 of 2nd period - Anton Lander wins face-off versus Iven Barbashev in Mulligans zone.
2:51 of 2nd period - Snap shot by Craig Smith.
2:51 of 2nd period - Deflect By Chrstian Dvorak.
2:51 of 2nd period - Stopped by Calvin Pickard with a rebound.
3:35 of 2nd period - Slapshot by Ben Hutton.
3:35 of 2nd period - Stopped by Connor Hellebyuk with a rebound.
3:37 of 2nd period - Slapshot by Brandon Carlo.
3:37 of 2nd period - Shot Hit the Post.
3:51 of 2nd period - Slapshot by Will Butcher.
3:51 of 2nd period - Deflect By Ben Hutton.
3:51 of 2nd period - Stopped by Calvin Pickard without a rebound.
3:52 of 2nd period - Antti Suomela wins face-off versus Robby Fabbri in Mulligans zone.
4:03 of 2nd period - Slapshot by Nick Schmaltz.
4:03 of 2nd period - Stopped by Calvin Pickard without a rebound.
4:04 of 2nd period - Anton Lander wins face-off versus Iven Barbashev in Mulligans zone.
4:09 of 2nd period - Slapshot by Logan Shaw.
4:09 of 2nd period - Shot Misses the Net.
4:11 of 2nd period - Wrist shot by Anton Lander.
4:11 of 2nd period - Shot Misses the Net.
4:13 of 2nd period - Slapshot by Sven Baertschi.
4:13 of 2nd period - Stopped by Connor Hellebyuk with a rebound.
4:15 of 2nd period - Slapshot by Logan Shaw.
4:15 of 2nd period - Goal by Logan Shaw - Mustangs : 4 - Mulligans : 3.
4:16 of 2nd period - Melker Karlsson wins face-off versus Anton Lander in neutral zone.
4:19 of 2nd period - Wrist shot by Will Butcher.
4:19 of 2nd period - Shot Misses the Net.
5:17 of 2nd period - Slapshot by Sven Baertschi.
5:17 of 2nd period - Stopped by Connor Hellebyuk with a rebound.
5:19 of 2nd period - Wrist shot by Anton Lander.
5:19 of 2nd period - Shot Misses the Net.
5:21 of 2nd period - Snap shot by Logan Shaw.
5:21 of 2nd period - Shot Misses the Net.
5:37 of 2nd period - Slapshot by Will Butcher.
5:37 of 2nd period - Shot Misses the Net.
5:55 of 2nd period - Snap shot by Logan Shaw.
5:55 of 2nd period - Shot Misses the Net.
5:57 of 2nd period - Snap shot by Logan Shaw.
5:57 of 2nd period - Stopped by Connor Hellebyuk with a rebound.
5:59 of 2nd period - Snap shot by Anton Lander.
5:59 of 2nd period - Stopped by Connor Hellebyuk with a rebound.
6:01 of 2nd period - Wrist shot by Logan Shaw.
6:01 of 2nd period - Shot Misses the Net.
6:11 of 2nd period - Slapshot by Anton Lander.
6:11 of 2nd period - Shot Misses the Net.
6:13 of 2nd period - Wrist shot by Logan Shaw.
6:13 of 2nd period - Stopped by Connor Hellebyuk with a rebound.
6:27 of 2nd period - Snap shot by Logan Shaw.
6:27 of 2nd period - Stopped by Connor Hellebyuk with a rebound.
6:29 of 2nd period - Slapshot by Ben Hutton.
6:29 of 2nd period - Stopped by Connor Hellebyuk without a rebound.
6:30 of 2nd period - Maxime Macenauer wins face-off versus Melker Karlsson in Mustangs zone.
6:31 of 2nd period - Slapshot by Joonas Donskoi.
6:31 of 2nd period - Stopped by Connor Hellebyuk with a rebound.
6:40 of 2nd period - Jordan Schmaltz is hit by Joonas Donskoi and loses puck.
7:37 of 2nd period - Minor Penalty to Robbie Russo for Tripping.
7:38 of 2nd period - Reid Boucher wins face-off versus Antti Suomela in Mulligans zone.
8:26 of 2nd period - Brandon Carlo is hit by Josh Jooris and loses puck.
8:31 of 2nd period - Wrist shot by Josh Jooris.
8:31 of 2nd period - Shot Blocked by Ben Hutton.
8:33 of 2nd period - Snap shot by Scott Mayfield.
8:33 of 2nd period - Stopped by Calvin Pickard with a rebound.
9:37 of 2nd period - Penalty to Robbie Russo is over, Robbie Russo is back on ice.
11:05 of 2nd period - Anthony Beauvillier is hit by Valeri Nichushkin and loses puck.
11:18 of 2nd period - Andrew O'Brien is hit by Christian Wolanin and loses puck.
11:42 of 2nd period - Robbie Russo is hit by Josh Jooris and loses puck.
12:36 of 2nd period - Brandon Carlo is hit by Melker Karlsson and loses puck.
13:10 of 2nd period - Jordan Schmaltz is hit by Robby Fabbri and loses puck.
13:32 of 2nd period - Robbie Russo is hit by Nick Schmaltz and loses puck.
13:45 of 2nd period - Darren Dietz is hit by Andy Andreoff and loses puck.
14:08 of 2nd period - Sven Baertschi is hit by Will Butcher and loses puck.
14:27 of 2nd period - Slapshot by Will Butcher.
14:27 of 2nd period - Stopped by Calvin Pickard with a rebound.
14:29 of 2nd period - Slapshot by Will Butcher.
14:29 of 2nd period - Stopped by Calvin Pickard with a rebound.
14:31 of 2nd period - Slapshot by Scott Mayfield.
14:31 of 2nd period - Goal by Scott Mayfield - Mustangs : 5 - Mulligans : 3.
14:32 of 2nd period - Anton Lander wins face-off versus Melker Karlsson in neutral zone.
14:40 of 2nd period - Snap shot by Melker Karlsson.
14:40 of 2nd period - Stopped by Calvin Pickard with a rebound.
14:42 of 2nd period - Wrist shot by Andy Andreoff.
14:42 of 2nd period - Shot Misses the Net.
15:03 of 2nd period - Logan Shaw is hit by Nick Schmaltz and loses puck.
15:10 of 2nd period - Wrist shot by Jordan Schmaltz.
15:10 of 2nd period - Shot Misses the Net.
16:29 of 2nd period - Slapshot by Maxime Macenauer.
16:29 of 2nd period - Shot Misses the Net.
17:01 of 2nd period - Denis Malgin is hit by Conor Garland and loses puck.
18:27 of 2nd period - Wrist shot by Curtis Hamilton.
18:27 of 2nd period - Stopped by Calvin Pickard without a rebound.
18:28 of 2nd period - Melker Karlsson wins face-off versus Robby Fabbri in Mulligans zone.
19:49 of 2nd period - Minor Penalty to Denis Malgin for Holding.
19:50 of 2nd period - Anton Lander wins face-off versus Craig Smith in Mustangs zone.
19:53 of 2nd period - Slapshot by Logan Shaw.
19:53 of 2nd period - Goal by Logan Shaw - Mustangs : 5 - Mulligans : 4.
19:54 of 2nd period - Anton Lander wins face-off versus Melker Karlsson in neutral zone.
Goals for this period are 1 for Mustangs vs 3 for Mulligans.
Shots for this period are 10 for Mustangs vs 16 for Mulligans.

3rd period


0:01 of 3rd period - Melker Karlsson wins face-off versus Anton Lander in neutral zone.
0:52 of 3rd period - Snap shot by Melker Karlsson.
0:52 of 3rd period - Stopped by Calvin Pickard with a rebound.
0:54 of 3rd period - Snap shot by Josh Jooris.
0:54 of 3rd period - Stopped by Calvin Pickard without a rebound.
0:55 of 3rd period - Iven Barbashev wins face-off versus Anton Lander in Mulligans zone.
1:02 of 3rd period - Wrist shot by Iven Barbashev.
1:02 of 3rd period - Shot Misses the Net.
1:04 of 3rd period - Wrist shot by Iven Barbashev.
1:04 of 3rd period - Deflect By Craig Smith.
1:04 of 3rd period - Shot Misses the Net.
1:04 of 3rd period - Puck is out of play.
1:05 of 3rd period - Anton Lander wins face-off versus Iven Barbashev in Mulligans zone.
1:20 of 3rd period - Minor Penalty to Sven Baertschi for Boarding.
1:21 of 3rd period - Anton Lander wins face-off versus Iven Barbashev in Mulligans zone.
1:21 of 3rd period - Anton Lander is hit by Iven Barbashev.
1:34 of 3rd period - Wrist shot by Logan Shaw.
1:34 of 3rd period - Shot Blocked by Will Butcher.
1:36 of 3rd period - Wrist shot by Anton Lander.
1:36 of 3rd period - Goal by Anton Lander - Mustangs : 5 - Mulligans : 5.
1:37 of 3rd period - Anton Lander wins face-off versus Iven Barbashev in neutral zone.
3:20 of 3rd period - Penalty to Sven Baertschi is over, Sven Baertschi is back on ice.
3:36 of 3rd period - Maxime Macenauer is hit by Andrew O'Brien and loses puck.
3:59 of 3rd period - Snap shot by Conor Garland.
3:59 of 3rd period - Shot Blocked by Max Gortz.
4:17 of 3rd period - Max Gortz is hit by Sam Bennett and loses puck.
4:21 of 3rd period - Icing by Max Gortz.
4:22 of 3rd period - Denis Malgin wins face-off versus Anton Lander in Mustangs zone.
4:27 of 3rd period - Snap shot by Logan Shaw.
4:27 of 3rd period - Stopped by Connor Hellebyuk with a rebound.
4:29 of 3rd period - Slapshot by Dalton Thrower.
4:29 of 3rd period - Stopped by Connor Hellebyuk without a rebound.
4:30 of 3rd period - Melker Karlsson wins face-off versus Anton Lander in Mustangs zone.
4:41 of 3rd period - Snap shot by Melker Karlsson.
4:41 of 3rd period - Deflect By Anton Lander.
4:41 of 3rd period - Shot Misses the Net.
4:41 of 3rd period - Puck is out of play.
4:42 of 3rd period - Anton Lander wins face-off versus Melker Karlsson in Mulligans zone.
4:42 of 3rd period - Anton Lander is hit by Andy Andreoff.
4:45 of 3rd period - Darren Dietz is hit by Josh Jooris and loses puck.
5:04 of 3rd period - Minor Penalty to Josh Jooris for Holding Stick.
5:05 of 3rd period - Craig Smith wins face-off versus Anton Lander in Mustangs zone.
7:04 of 3rd period - Penalty to Josh Jooris is over, Josh Jooris is back on ice.
7:38 of 3rd period - Wrist shot by Kurt Sauer.
7:38 of 3rd period - Shot Blocked by Robbie Russo.
9:08 of 3rd period - Snap shot by Logan Shaw.
9:08 of 3rd period - Stopped by Connor Hellebyuk without a rebound.
9:09 of 3rd period - Anton Lander wins face-off versus Iven Barbashev in Mustangs zone.
9:14 of 3rd period - Snap shot by Logan Shaw.
9:14 of 3rd period - Stopped by Connor Hellebyuk with a rebound.
9:16 of 3rd period - Snap shot by Sven Baertschi.
9:16 of 3rd period - Stopped by Connor Hellebyuk with a rebound.
9:18 of 3rd period - Snap shot by Sven Baertschi.
9:18 of 3rd period - Goal by Sven Baertschi - Mustangs : 5 - Mulligans : 6.
9:19 of 3rd period - Anton Lander wins face-off versus Melker Karlsson in neutral zone.
10:06 of 3rd period - Wrist shot by Nick Schmaltz.
10:06 of 3rd period - Shot Blocked by Dalton Thrower.
10:08 of 3rd period - Snap shot by Anthony Beauvillier.
10:08 of 3rd period - Shot Misses the Net.
10:10 of 3rd period - Slapshot by Kurt Sauer.
10:10 of 3rd period - Stopped by Calvin Pickard with a rebound.
10:47 of 3rd period - Off-side.
10:48 of 3rd period - Melker Karlsson wins face-off versus Anton Lander in neutral zone.
10:55 of 3rd period - Slapshot by Will Butcher.
10:55 of 3rd period - Shot Misses the Net.
10:57 of 3rd period - Slapshot by Will Butcher.
10:57 of 3rd period - Stopped by Calvin Pickard with a rebound.
10:59 of 3rd period - Snap shot by Melker Karlsson.
10:59 of 3rd period - Shot Misses the Net.
11:01 of 3rd period - Slapshot by Scott Mayfield.
11:01 of 3rd period - Stopped by Calvin Pickard with a rebound.
11:03 of 3rd period - Snap shot by Josh Jooris.
11:03 of 3rd period - Shot Blocked by Ben Hutton.
11:13 of 3rd period - Will Butcher is hit by Maxime Macenauer and loses puck.
11:20 of 3rd period - Joonas Donskoi is hit by Iven Barbashev and loses puck.
12:15 of 3rd period - Icing by Melker Karlsson.
12:16 of 3rd period - Jonny Brodzinski wins face-off versus Denis Malgin in Mustangs zone.
12:57 of 3rd period - Robbie Russo is hit by Denis Malgin and loses puck.
13:14 of 3rd period - Snap shot by Anton Lander.
13:14 of 3rd period - Deflect By Sven Baertschi.
13:14 of 3rd period - Stopped by Connor Hellebyuk without a rebound.
13:15 of 3rd period - Anton Lander wins face-off versus Melker Karlsson in Mustangs zone.
13:18 of 3rd period - Snap shot by Logan Shaw.
13:18 of 3rd period - Stopped by Connor Hellebyuk without a rebound.
13:19 of 3rd period - Anton Lander wins face-off versus Melker Karlsson in Mustangs zone.
14:27 of 3rd period - Robby Fabbri is hit by Nick Schmaltz and loses puck.
14:34 of 3rd period - Snap shot by Nick Schmaltz.
14:34 of 3rd period - Shot Misses the Net.
14:54 of 3rd period - Snap shot by Anthony Beauvillier.
14:54 of 3rd period - Stopped by Calvin Pickard with a rebound.
15:14 of 3rd period - Snap shot by Antti Suomela.
15:14 of 3rd period - Stopped by Calvin Pickard without a rebound.
15:15 of 3rd period - Anton Lander wins face-off versus Melker Karlsson in Mulligans zone.
15:40 of 3rd period - Sam Bennett is hit by Chrstian Dvorak.
15:51 of 3rd period - Ilya Lyubushkin is hit by Scott Mayfield and loses puck.
16:06 of 3rd period - Snap shot by Will Butcher.
16:06 of 3rd period - Shot Hit the Post.
16:24 of 3rd period - Melker Karlsson is hit by Logan Shaw and loses puck.
16:33 of 3rd period - Anton Lander is hit by Andy Andreoff and loses puck.
16:51 of 3rd period - Minor Penalty to Sam Bennett for Interference.
16:52 of 3rd period - Anton Lander wins face-off versus Iven Barbashev in Mulligans zone.
17:02 of 3rd period - Slapshot by Josh Jooris.
17:02 of 3rd period - Stopped by Calvin Pickard with a rebound.
17:43 of 3rd period - Scott Mayfield is hit by Sven Baertschi and loses puck.
17:56 of 3rd period - Logan Shaw is hit by Josh Jooris and loses puck.
18:51 of 3rd period - Penalty to Sam Bennett is over, Sam Bennett is back on ice.
19:04 of 3rd period - Mustangs, Connor Hellebyuk is pulled from the net.
19:22 of 3rd period - Ben Hutton is hit by Anthony Beauvillier.
19:28 of 3rd period - Wrist shot by Nick Schmaltz.
19:28 of 3rd period - Goal by Nick Schmaltz - Mustangs : 6 - Mulligans : 6.
19:28 of 3rd period - Connor Hellebyuk from Mustangs was sent back in the game.
19:29 of 3rd period - Anton Lander wins face-off versus Iven Barbashev in neutral zone.
19:32 of 3rd period - Chrstian Dvorak is hit by Dalton Thrower.
Goals for this period are 1 for Mustangs vs 2 for Mulligans.
Shots for this period are 9 for Mustangs vs 9 for Mulligans.

Overtime #1


0:01 of 1st overtime period - Craig Smith wins face-off versus Anton Lander in neutral zone.
0:10 of 1st overtime period - Snap shot by Josh Jooris.
0:10 of 1st overtime period - Shot Misses the Net.
0:46 of 1st overtime period - Valeri Nichushkin is hit by Chrstian Dvorak and loses puck.
1:13 of 1st overtime period - Snap shot by Nick Schmaltz.
1:13 of 1st overtime period - Stopped by Calvin Pickard without a rebound.
1:14 of 1st overtime period - Anton Lander wins face-off versus Anthony Beauvillier in Mulligans zone.
1:14 of 1st overtime period - Anton Lander is hit by Kurt Sauer.
1:58 of 1st overtime period - Slapshot by Brandon Carlo.
1:58 of 1st overtime period - Shot Blocked by Andy Andreoff.
2:04 of 1st overtime period - Darren Dietz is hit by Andy Andreoff and loses puck.
2:54 of 1st overtime period - Chrstian Dvorak is hit by Robby Fabbri and loses puck.
4:03 of 1st overtime period - Dakota Mermis is hit by Anton Lander and loses puck.
4:28 of 1st overtime period - Wrist shot by Robby Fabbri.
4:28 of 1st overtime period - Stopped by Connor Hellebyuk with a rebound.
4:36 of 1st overtime period - Dalton Thrower is hit by Anthony Beauvillier and loses puck.
4:55 of 1st overtime period - Slapshot by Darren Dietz.
4:55 of 1st overtime period - Deflect By Jordan Schmaltz.
4:55 of 1st overtime period - Stopped by Connor Hellebyuk with a rebound.
Goals for this period are 0 for Mustangs vs 0 for Mulligans.
Shots for this period are 1 for Mustangs vs 2 for Mulligans.

ShootOut


5:00 of 1st overtime period - Round #1.
5:00 of 1st overtime period - Mustangs, Craig Smith.
5:00 of 1st overtime period - Deke by Craig Smith.
5:00 of 1st overtime period - Goal by Craig Smith.
5:00 of 1st overtime period - Mulligans, Anton Lander.
5:00 of 1st overtime period - Wrist shot by Anton Lander.
5:00 of 1st overtime period - Stopped by Connor Hellebyuk.
5:00 of 1st overtime period - Round #2.
5:00 of 1st overtime period - Mustangs, Josh Jooris.
5:00 of 1st overtime period - Snap shot by Josh Jooris.
5:00 of 1st overtime period - Stopped by Calvin Pickard.
5:00 of 1st overtime period - Mulligans, Logan Shaw.
5:00 of 1st overtime period - Wrist shot by Logan Shaw.
5:00 of 1st overtime period - Stopped by Connor Hellebyuk.
5:00 of 1st overtime period - Round #3.
5:00 of 1st overtime period - Mustangs, Andy Andreoff.
5:00 of 1st overtime period - Backhand shot by Andy Andreoff.
5:00 of 1st overtime period - Goal by Andy Andreoff.